 Dungeon Crawl Stone Soup version 0.22-a0-398-g8bb545f (webtiles) character file.

1211 Ijustatesigmund the Skirmisher (level 8, -3/60 HPs)
             Began as an Octopode Artificer on May 5, 2018.
             Slain by Ijustatesigmund's ghost (15 damage)
             ... on level 6 of the Dungeon.
             The game lasted 00:11:58 (5981 turns).

Ijustatesigmund the Skirmisher (Octopode Artificer) Turns: 5981, Time: 00:11:59

Health: -3/60      AC:  1    Str: 17    XL:     8   Next: 46%
Magic:  10/10      EV: 15    Int: 13    God:
Gold:   239        SH:  0    Dex: 14    Spells: 7/7 levels left

rFire    . . .     SeeInvis .   a - +2 war axe (elec)
rCold    . . .     Gourm    .   (no shield)
rNeg     . . .     Faith    .   (helmet restricted)
rPois    .         Spirit   .   (no amulet)
rElec    .         Reflect  .   (no ring)
rCorr    .         Harm     .   (no ring)
MR       .....                  (no ring)
Stlth    +++.......             (no ring)
HPRegen  0.60/turn              (no ring)
MPRegen  0.12/turn              (no ring)
                                (no ring)
                                (no ring)

@: mighty
A: almost no armour, stealthy swim, amphibious, 8 rings, constrict 8, camouflage
1, sense surroundings 1, regeneration 1, gelatinous body 1
a: no special abilities


You were on level 6 of the Dungeon.
You were not hungry.

You visited 1 branch of the dungeon, and saw 6 of its levels.

You collected 239 gold pieces.

Inventory:

Hand Weapons
 a - a +2 war axe of electrocution (weapon)
 o - a +2 mace of crushing
Missiles
 j - 4 javelins (quivered)
Wands
 b - a wand of flame (4)
 c - a wand of enslavement (7)
 d - a wand of random effects (32)
 e - a wand of digging (5)
Scrolls
 h - 4 scrolls of remove curse
 k - a scroll of random uselessness
 m - a scroll of identify
 p - a scroll of teleportation
 t - 2 scrolls of enchant armour
 u - a scroll of fear {unknown}
Potions
 g - a potion of cancellation
 i - 2 potions of curing
 l - a potion of ambrosia
 n - 4 potions of invisibility
 r - a potion of mutation
 s - 2 potions of flight
 v - a potion of lignification {unknown}
Comestibles
 f - 17 rations
 w - 3 chunks of flesh


   Skills:
 + Level 7.0 Fighting
   Level 1.0 Short Blades
 * Level 5.9 Axes
 - Level 3.8 Dodging
 - Level 1.3 Stealth
 - Level 3.2 Evocations


You had 7 spell levels left.
You didn't know any spells.

Dungeon Overview and Level Annotations

Branches:
Dungeon (6/15)
 Temple: D:4-7

Altars:
Sif Muna

Annotations:
D:6 Ijustatesigmund's ghost, novice OpAr


Innate Abilities, Weirdness & Mutations

You cannot wear most types of armour.
You are very stealthy in the water. (Stealth+)
You are amphibious.
You can wear up to eight rings at the same time.
You can use your tentacles to constrict eight enemies at once.
Your skin changes colour to match your surroundings (Stealth+).
Your rubbery body absorbs attacks. (AC +1, EV +1)
You passively map a small area around you.
Your natural rate of healing is unusually fast.


Message History

You are too injured to fight recklessly!
You are too injured to fight recklessly!
You are too injured to fight recklessly!
You are too injured to fight recklessly!
You are too injured to fight recklessly!
You are too injured to fight recklessly!
You are too injured to fight recklessly!
You feel very mighty all of a sudden. Ijustatesigmund's ghost hits you!
* * * LOW HITPOINT WARNING * * *
You closely miss Ijustatesigmund's ghost.
You squeeze Ijustatesigmund's ghost!
Ijustatesigmund's ghost is lightly damaged.
Ijustatesigmund's ghost hits you.
* * * LOW HITPOINT WARNING * * *
You slash Ijustatesigmund's ghost!
Your squeeze misses Ijustatesigmund's ghost.
Ijustatesigmund's ghost is moderately damaged.
Ijustatesigmund's ghost hits you!
You die...

##.# #.#
#............
#.# #.#
#####'#####..
, #..* #.# #.#
#.# #######.#
#.# #..
*######..##.#
######+## #..
,#.≈..#8..#.#
#.......# #..
#>≈..'._...#
#.....(.####..
#)≈..#8..#.#
#.......'....#
, ######..##@#
#.......######
, #####W#
#.......#####
, ,#g#
########<...#
* * ** #g#
####... * * ,
, .o. ,*# ,
..... * ,
....... *
...<.....
...........


You could see Ijustatesigmund's ghost, 2 gnolls and an orc.

Vanquished Creatures
  Eustachio (D:5)
  An ogre (D:5)
  A phantom (D:5)
  An ice beast (D:2)
  A centaur (D:5)
  A crimson imp (D:5)
  A quasit (D:5)
  A jelly (D:5)
  2 orc priests (D:5)
  A hound (D:4)
  6 orc wizards
  Ijyb (D:5)
  An iguana (D:5)
  A worker ant (D:6)
  3 gnolls
  5 adders
  2 oozes (D:1)
  An adder zombie (D:6)
  5 worms
  2 dart slugs (D:3)
  5 leopard geckos
  14 orcs
  3 giant cockroaches
  9 goblins
  9 hobgoblins
  2 jackals (D:3)
  2 quokkas
  2 ball pythons
  11 bats
  5 frilled lizards
  5 kobolds
  2 leopard gecko skeletons
  A quokka skeleton (D:5)
  10 rats
118 creatures vanquished.

Vanquished Creatures (collateral kills)
  A phantom (D:4)
  An orc wizard (D:4)
  A gnoll (D:4)
  A quokka (D:4)
4 creatures vanquished.

Vanquished Creatures (others)
  A gnoll (D:4)
  3 orcs
  A hobgoblin (D:3)
5 creatures vanquished.

Grand Total: 127 creatures vanquished

Notes
Turn   | Place    | Note
-------+----------+-------------------------------------------
     0 | D:1      | Ijustatesigmund the Octopode Artificer began the quest for the Orb.
     0 | D:1      | Reached XP level 1. HP: 13/13 MP: 3/3
   101 | D:1      | Reached skill level 2 in Fighting
   101 | D:1      | Reached XP level 2. HP: 16/19 MP: 4/4
   843 | D:1      | Reached XP level 3. HP: 25/25 MP: 5/5
   874 | D:1      | Reached skill level 3 in Fighting
  1291 | D:2      | Noticed an ice beast
  1301 | D:2      | Killed an ice beast
  1301 | D:2      | Reached skill level 4 in Fighting
  1301 | D:2      | Reached XP level 4. HP: 34/34 MP: 6/6
  1301 | D:2      | Reached XP level 5. HP: 38/38 MP: 7/7
  1540 | D:2      | Reached skill level 5 in Fighting
  2844 | D:3      | Reached skill level 1 in Axes
  2844 | D:3      | Reached XP level 6. HP: 40/45 MP: 8/8
  3435 | D:4      | Noticed a phantom
  3459 | D:4      | Killed a phantom
  3486 | D:5      | Entered Level 5 of the Dungeon
  3705 | D:5      | Reached XP level 7. HP: 51/51 MP: 9/9
  3729 | D:5      | Reached skill level 6 in Fighting
  4269 | D:4      | Gained mutation: You passively map a small area around you. [potion of mutation]
  4269 | D:4      | Gained mutation: Your natural rate of healing is unusually fast. [potion of mutation]
  4857 | D:5      | Noticed Ijyb
  5132 | D:5      | Killed Ijyb
  5255 | D:5      | Reached XP level 8. HP: 39/58 MP: 10/10
  5421 | D:5      | Noticed Eustachio
  5429 | D:5      | Killed Eustachio
  5429 | D:5      | Reached skill level 5 in Axes
  5799 | D:6      | Found a deep blue altar of Sif Muna.
  5811 | D:6      | Reached skill level 7 in Fighting
  5953 | D:6      | Identified Sif Muna's Grimoire of Summoning
  5969 | D:6      | Noticed Ijustatesigmund's ghost (novice OpAr)
  5981 | D:6      | Slain by Ijustatesigmund's ghost

Vault maps used:
D:1:      dpeg_arrival_leaves_temple_mockup
D:2:      minmay_unequal
D:4:      first_ration, minmay_misc_feat_rows
D:5:      minivault_27, uniq_ijyb, uniq_eustachio
D:6:      led_sif_book

Skill      XL: |  1  2  3  4  5  6  7  8 |
---------------+-------------------------+-----
Fighting       | 2 4 5 6 7 |  7.0
Axes           | 1 3 4 5 |  5.9
Dodging        | 3 |  3.8
Short Blades   | |  1.0
Stealth        | |  1.3
Evocations     | |  3.2

Action                   |  1- 3 |  4- 6 |  7- 9 || total
-------------------------+-------+-------+-------++-------
Melee: Short sword       |    61 |    80 |       ||   141
       Constrict         |    16 |    40 |    17 ||    73
       Tentacles         |     6 |    27 |    29 ||    62
       Hand axe          |       |    49 |    93 ||   142
       War axe           |       |       |    14 ||    14
Throw: Javelin           |       |       |     4 ||     4
Evoke: Wand              |     3 |    21 |     4 ||    28
  Use: Scroll            |     3 |     6 |     8 ||    17
       Potion            |     1 |     1 |     4 ||     6
 Stab: Sleeping          |     8 |    12 |     5 ||    25
       Distracted        |       |     1 |     1 ||     2
       Confused          |       |     1 |       ||     1
  Eat: Chunk             |     1 |     7 |     5 ||    13
       Ration            |       |       |     1 ||     1
Armor: Skin              |     6 |     9 |     1 ||    16
Dodge: Dodged            |    40 |   103 |    83 ||   226

Table legend:
 A = Spawn XP
 B = Non-spawn XP
 C = Spawn XP percentage of total XP
 D = Spawn monster count
 E = Non-spawn monster count
 F = Spawn count percentage of total count
 G = Total turns spent on level
                    A         B        C        D         E        F      G
               +---------+---------+-------+---------+---------+-------+---------
         Total |       0 |    1731 |   0.0 |       0 |     123 |   0.0 |  5981
               +---------+---------+-------+---------+---------+-------+---------
           D:1 |       0 |      49 |   0.0 |       0 |      24 |   0.0 |  1257
           D:2 |       0 |     196 |   0.0 |       0 |      24 |   0.0 |  1068
           D:3 |       0 |     154 |   0.0 |       0 |      32 |   0.0 |   733
           D:4 |       0 |     301 |   0.0 |       0 |      18 |   0.0 |  1212
           D:5 |       0 |     902 |   0.0 |       0 |      20 |   0.0 |  1463
           D:6 |       0 |     129 |   0.0 |       0 |       5 |   0.0 |   248
               +---------+---------+-------+---------+---------+-------+---------
